AoeStats
← DgoUSA

Nomad

510039521Analyzed
4v4 RM · 4d ago on Sep 29, 2026· 49m 5s· 8 players
Game mode
Random Map
Map size
231×231
Population
200
Speed
Normal
Resources
Standard
Victory
Conquest
Starting age
Dark Age
Ending age
Imperial Age
RankedLock teamsTeams togetherTeam positionsShared explorationLock speedFull tech treeHidden civsTurbo modeCheats
Victory
Defeat
🇲🇽 Lithuanians · Mexico
1250
+11
🇺🇸 Saxons · United States
1164
+15
🇭🇰 Spanish · Hong Kong SAR China
1154
+15
🇵🇪 Vietnamese · Peru
1151
+15
🇦🇷 Wu · Argentina
1318
-20
🇨🇱 Persians · Chile
1230
-18
🇻🇪 Ethiopians · Venezuela
1062
-11
🇨🇴 Shu · Colombia
936
-7
rambo
3:30 Loom
13:50 Feudal Age
15:40 Double-Bit Axe
16:47 Fishing Lines
20:42 Castle Age
19:39 Stone Mining
19:35 Horse Collar
21:21 Scale Mail Armor
21:31 Forging
27:35 Bow Saw
31:08 Imperial Age
29:00 Bloodlines
30:20 Elite Skirmisher
34:17 Imperial Skirmisher
34:51 Fletching
35:01 Padded Archer Armor
36:46 Wheelbarrow
40:14 Heavy Plow
41:26 Chain Mail Armor
41:08 Bodkin Arrow
42:40 Hand Cart
42:20 Elite Hearth Troop
43:20 Conscription
42:40 Shield Wall
45:25 Plate Mail Armor
45:30 Iron Casting
44:56 Bracer
45:11 Leather Archer Armor
44:24 Heavy Mounted Crossbowman
47:12 Two-Man Saw
46:44 Crop Rotation
45:58 Shield Wall
46:03 Cranequins
47:06 Clerical Recruitment
49:20 Thumb Ring
48:45 Elite Varangian Guard
PilotePSP
4:02 Loom
17:32 Feudal Age
18:36 Fishing Lines
21:37 Castle Age
20:21 Bloodlines
20:19 Scale Barding Armor
21:20 Double-Bit Axe
22:44 Forging
27:02 Husbandry
29:02 Wheelbarrow
28:33 Gillnets
30:47 Chain Barding Armor
30:29 Town Watch
30:57 Bow Saw
33:47 Chatras
34:36 Iron Casting
38:19 Fletching
40:27 Bodkin Arrow
45:07 Imperial Age
46:36 Plate Barding Armor
49:41 Hand Cart
DeMar
6:00 Loom
14:36 Feudal Age
19:22 Castle Age
17:49 Double-Bit Axe
18:15 Horse Collar
21:21 Bow Saw
28:52 Wheelbarrow
44:27 Imperial Age
43:32 Bloodlines
43:23 Husbandry
44:14 Forging
43:54 Fletching
44:39 Cavalier
45:22 Scale Mail Armor
45:22 Padded Archer Armor
45:00 Elite Skirmisher
46:18 Scale Barding Armor
46:28 Chain Mail Armor
47:55 Plate Mail Armor
48:00 Iron Casting
47:21 Bodkin Arrow
47:26 Padded Archer Armor
47:30 Guard Tower
48:01 Ballistics
49:00 Chain Barding Armor
48:41 Bracer
49:42 Blast Furnace
48:58 Leather Archer Armor
48:57 Imperial Skirmisher
49:43 Thumb Ring
carlos
12:08 Loom
15:03 Feudal Age
19:10 Castle Age
18:34 Gold Mining
18:29 Double-Bit Axe
20:29 Bow Saw
21:41 Town Watch
23:16 Horse Collar
27:53 Fishing Lines
32:17 Fletching
38:16 Imperial Age
36:23 Wheelbarrow
37:05 Hill Forts
38:53 Hand Cart
39:48 Heavy Plow
40:49 Two-Man Saw
39:41 Stone Mining
41:22 Scale Barding Armor
42:24 Chain Barding Armor
42:26 Conscription
43:17 Crop Rotation
42:54 Treadmill Crane
43:09 Gillnets
44:24 Plate Barding Armor
44:25 Forging
44:27 Capped Ram
45:43 Bloodlines
45:34 Husbandry
47:10 Chemistry
46:21 Masonry
48:54 Iron Casting
48:39 Elite Leitis
DgoUSA
14:17 Feudal Age
12:35 Loom
15:42 Double-Bit Axe
23:05 Castle Age
21:59 Horse Collar
25:42 Wheelbarrow
27:50 Fletching
40:28 Scale Barding Armor
40:34 Forging
Black
5:42 Loom
13:22 Feudal Age
16:20 Wheelbarrow
18:30 Forging
22:11 Castle Age
20:28 Scale Barding Armor
22:10 Gold Mining
22:06 Double-Bit Axe
22:53 Medium Warships
22:53 Husbandry
23:30 Iron Casting
25:14 Chain Barding Armor
26:42 Fletching
yinza
5:31 Loom
17:37 Feudal Age
18:19 Double-Bit Axe
19:13 Gold Mining
21:00 Fletching
21:11 Padded Archer Armor
25:19 Castle Age
23:57 Wheelbarrow
23:07 Town Watch
27:26 Bow Saw
26:58 Horse Collar
28:42 Hand Cart
28:53 Heavy Plow
28:30 Crossbowman
31:48 Ballistics
31:40 Bodkin Arrow
34:19 Thumb Ring
39:37 Imperial Age
41:53 Two-Man Saw
41:41 Forging
41:32 Scale Mail Armor
41:13 Elite Shotel Warrior
41:30 Arbalester
46:28 Chemistry
Dycsplay
5:45 Loom
13:34 Feudal Age
15:00 Fishing Lines
17:55 Castle Age
16:40 Double-Bit Axe
16:46 Gold Mining
19:03 Bow Saw
18:53 Gillnets
20:15 Fletching
23:33 Wheelbarrow
23:38 Stone Mining
25:42 Bodkin Arrow
26:18 Ballistics
28:33 Red Cliffs Tactics
33:04 Padded Archer Armor
33:14 Horse Collar
36:18 Leather Archer Armor
36:04 Heavy Plow
39:55 Imperial Age
42:38 Chemistry
42:23 Hand Cart
44:57 Bracer
Connection lost

Rejoining the realm…

Still unreachable

The connection could not be restored.

Session expired

The server has moved on; the page needs a fresh start.